 Dungeon Crawl Stone Soup version 0.30.0-18-gc0e69614cb (webtiles) character file.

Game seed: 3997679184729192847

389 booth the Chopper (level 6, 0/48 (51) HPs)
             Began as a Gnoll Reaver on May 26, 2023.
             Slain by Menkaure (6 damage)
             ... on level 5 of the Dungeon.
             The game lasted 00:25:02 (3630 turns).

booth the Chopper (Gnoll Reaver)                    Turns: 3630, Time: 00:25:03

HP:   0/48 (51)     AC:  4    Str: 13    XL:     6   Next: 79%
MP:   14/14         EV: 12    Int: 13    God:
Gold: 160           SH:  4    Dex: 10    Spells: 3/15 levels left

rFire   . . .        a - +1 hand axe (flame)
rCold   . . .        p - +0 buckler
rNeg    . . .        b - +0 leather armour
rPois   .            (no helmet)
rElec   .            (no cloak)
rCorr   .            (no gloves)
SInv    .            A - +0 pair of boots
Will    +....        (no amulet)
Stlth   ++           f - ring of willpower
HPRegen 0.28/turn    (no ring)
MPRegen 0.14/turn

%: no passive effects
@: drained
A: fangs 1, strong nose, distributed training
a: no special abilities


You were on level 5 of the Dungeon.
You visited 1 branch of the dungeon, and saw 5 of its levels.

You collected 160 gold pieces.

Inventory:

Hand Weapons
 a - a +1 hand axe of flaming (weapon)
 e - a +0 spectral war axe
 k - a +0 mace
 u - a +2 vampiric lajatang
Missiles
 i - 5 javelins (quivered)
Armour
 b - a +0 leather armour (worn)
 p - a +0 buckler (worn)
 w - a +0 cloak
 A - a +0 pair of boots (worn)
Jewellery
 f - a ring of willpower (left hand)
 r - an amulet of guardian spirit
Scrolls
 d - a scroll of summoning
 g - 5 scrolls of teleportation
 h - a scroll of blinking
 j - a scroll of enchant armour {unknown}
 l - a scroll of amnesia {unknown}
 m - a scroll of vulnerability
 n - a scroll of fear {unknown}
 o - a scroll of silence {unknown}
 x - a scroll of fog {unknown}
 y - 3 scrolls of identify
 z - a scroll of enchant weapon
Potions
 c - 5 potions of attraction {unknown}
 q - 4 potions of curing {unknown}
 t - a potion of flight {unknown}
 v - a potion of ambrosia {unknown}


   Skills:
 + Level 5.1 Fighting
 + Level 2.2 Short Blades
 + Level 2.2 Long Blades
 + Level 6.9 Axes
 + Level 2.2 Maces & Flails
 + Level 2.2 Polearms
 + Level 2.2 Staves
 + Level 2.2 Ranged Weapons
 + Level 2.2 Throwing
 + Level 2.2 Armour
 + Level 5.1 Dodging
 + Level 2.2 Stealth
 + Level 2.2 Shields
 + Level 2.2 Unarmed Combat
 + Level 5.4 Spellcasting
 + Level 5.7 Conjurations
 + Level 1.7 Hexes
 + Level 1.7 Summonings
 + Level 1.7 Necromancy
 + Level 1.7 Translocations
 + Level 1.7 Transmutations
 + Level 1.7 Fire Magic
 + Level 1.7 Ice Magic
 + Level 1.7 Air Magic
 + Level 1.7 Earth Magic
 + Level 1.7 Poison Magic
 + Level 2.4 Invocations
 + Level 2.2 Evocations


You had 3 spell levels left.
You knew the following spells:

 Your Spells              Type           Power      Damage    Failure   Level
a - Kiss of Death         Conj/Necr      52%        2d9       7%          1
b - Momentum Strike       Conj/Tloc      26%        3d8       10%         2
c - Hailstorm             Conj/Ice       13%        3d5       21%         3
d - Tukima's Dance        Hex            8%         N/A       41%         3
e - Portal Projectile     Hex/Tloc       16%        N/A       41%         3

Your spell library contained the following spells:

 Spells                   Type           Power      Damage    Failure   Level
 Blade Hands              Tmut           4%         N/A       99%         5


Dungeon Overview and Level Annotations

Branches:
Dungeon (5/15)
 Temple: D:4-7

Altars:
Ru

Shops:
D:1 (

Annotations:
D:5 Menkaure


Innate Abilities, Weirdness & Mutations

You have very sharp teeth.
Your uncanny sense of smell can sniff out nearby items.
Your experience applies equally to all skills.


Message History

Aim: Menkaure (fast, 74% to hit)
You throw a silver javelin.
The silver javelin pierces through Menkaure!
Menkaure is moderately damaged.
A hound comes into view.
Menkaure casts a spell at you. You resist with some effort.
You hit Menkaure. You burn Menkaure.
Menkaure is heavily damaged.
Menkaure whispers a few words.
Menkaure barely misses you.
You hit Menkaure. You burn Menkaure.
Menkaure is severely damaged.
Menkaure barely misses you.
You hit Menkaure but do no damage. Your bite misses Menkaure.
Menkaure is severely damaged.
Menkaure hits you. Menkaure misses you.
You hit Menkaure but do no damage.
Menkaure is severely damaged.
Menkaure closely misses you.
You hit Menkaure. You burn Menkaure.
Menkaure is almost destroyed.
Menkaure barely misses you.
You barely miss Menkaure. You bite Menkaure, but do no damage.
Menkaure is almost destroyed.
Menkaure calls on the powers of darkness!
Your body is wracked with pain!
The hound convulses!
Menkaure hits you!
You hit Menkaure. You burn Menkaure.
Menkaure is almost destroyed.
Menkaure points at you and mumbles some strange words.
Pain shoots through your body!
* * * LOW HITPOINT WARNING * * *
Throw: 6 javelins
Press: ? - help, Q - select action, (/) - cycle Shift-Dir - straight line, f/p - Menkaure
Aim: Menkaure (almost destroyed, fast, 74% to hit)
You throw a javelin. The javelin barely misses Menkaure.
The javelin hits the hound and shatters for extra damage!
You kill the hound!
Menkaure hits you.
You die...

#.........#
#....(.<..
#........
##.......
.......∆ #...#
#.†# ##M# ##@##
#+# #...#
#.##### #...#
#.#... #...#
###.#.# # ##.##
###.....# .#
#.#
........###.#
#.#
####........#
#.#
##.###.######.#


You could see Menkaure (fast).

Vanquished Creatures
  A phantom (D:5)
  A scorpion (D:5)
  A howler monkey (D:4)
  2 hounds
  10 adders
  2 worms (D:3)
  3 dart slugs
  An orc (D:3)
  8 ball pythons
  10 endoplasms
  4 giant cockroaches
  4 goblins
  4 hobgoblins
  4 jackals (D:3)
  5 kobolds
  5 quokkas
  4 bats
  12 frilled lizards
  7 rats
88 creatures vanquished.

Notes
Turn   | Place    | Note
-------+----------+-------------------------------------------
     0 | D:1      | booth the Gnoll Reaver began the quest for the Orb.
     0 | D:1      | Reached XP level 1. HP: 20/20 MP: 6/6
    90 | D:1      | Reached XP level 2. HP: 26/26 MP: 7/7
    93 | D:1      | Learned a level 2 spell: Momentum Strike
   510 | D:1      | Found Gauliplu's Weapon Shop.
   688 | D:1      | Reached skill level 5 in Spellcasting
   688 | D:1      | Reached XP level 3. HP: 31/31 MP: 7/9
   693 | D:1      | Learned a level 3 spell: Hailstorm
   916 | D:2      | Reached skill level 1 in Invocations
  1191 | D:2      | Reached skill level 1 in Short Blades
  1191 | D:2      | Reached skill level 1 in Long Blades
  1191 | D:2      | Reached skill level 1 in Maces & Flails
  1191 | D:2      | Reached skill level 1 in Polearms
  1191 | D:2      | Reached skill level 1 in Staves
  1191 | D:2      | Reached skill level 1 in Ranged Weapons
  1191 | D:2      | Reached skill level 1 in Throwing
  1191 | D:2      | Reached skill level 1 in Armour
  1191 | D:2      | Reached skill level 1 in Stealth
  1191 | D:2      | Reached skill level 1 in Shields
  1191 | D:2      | Reached skill level 1 in Unarmed Combat
  1191 | D:2      | Reached skill level 1 in Evocations
  1604 | D:2      | Reached XP level 4. HP: 38/38 MP: 11/11
  1903 | D:3      | Reached skill level 1 in Hexes
  1903 | D:3      | Reached skill level 1 in Summonings
  1903 | D:3      | Reached skill level 1 in Necromancy
  1903 | D:3      | Reached skill level 1 in Translocations
  1903 | D:3      | Reached skill level 1 in Transmutations
  1903 | D:3      | Reached skill level 1 in Fire Magic
  1903 | D:3      | Reached skill level 1 in Ice Magic
  1903 | D:3      | Reached skill level 1 in Air Magic
  1903 | D:3      | Reached skill level 1 in Earth Magic
  1903 | D:3      | Reached skill level 1 in Poison Magic
  1983 | D:3      | Found a sacrificial altar of Ru.
  2280 | D:3      | Learned a level 3 spell: Tukima's Dance
  2519 | D:3      | Reached XP level 5. HP: 28/34 MP: 12/12
  2839 | D:4      | Reached XP level 6. HP: 48/50 MP: 13/13
  2846 | D:4      | Learned a level 3 spell: Portal Projectile
  3085 | D:5      | Entered Level 5 of the Dungeon
  3213 | D:5      | Reached skill level 5 in Fighting
  3213 | D:5      | Reached skill level 5 in Dodging
  3611 | D:5      | Noticed Menkaure
  3630 | D:5      | Slain by Menkaure

Illustrated notes

Levels and vault maps discovered:
D:1:      spicycebolla_green_bress_n_ham_2, layout_basic, serial_shops, shop
D:2:      minmay_alternating_diamond, layout_loops_cross, minmay_lizard_king
D:3:      layout_basic, general_overflow_altar, minmay_quantized
D:4:      layout_basic
D:5:      layout_loops_corners, uniq_menkaure, uniq_edmund

Skill      XL: |  1  2  3  4  5  6 |
---------------+-------------------+-----
Spellcasting   | 5 |  5.4
Invocations    | 1 2 |  2.4
Short Blades   | 1 2 |  2.2
Long Blades    | 1 2 |  2.2
Maces & Flails | 1 2 |  2.2
Polearms       | 1 2 |  2.2
Staves         | 1 2 |  2.2
Ranged Weapons | 1 2 |  2.2
Throwing       | 1 2 |  2.2
Armour         | 1 2 |  2.2
Stealth        | 1 2 |  2.2
Shields        | 1 2 |  2.2
Unarmed Combat | 1 2 |  2.2
Evocations     | 1 2 |  2.2
Hexes          | 1 |  1.7
Summonings     | 1 |  1.7
Necromancy     | 1 |  1.7
Translocations | 1 |  1.7
Transmutations | 1 |  1.7
Fire Magic     | 1 |  1.7
Ice Magic      | 1 |  1.7
Air Magic      | 1 |  1.7
Earth Magic    | 1 |  1.7
Poison Magic   | 1 |  1.7
Fighting       | 5 |  5.1
Dodging        | 5 |  5.1
Axes           | |  6.9
Conjurations   | |  5.7

Action                     |  1- 3 |  4- 6 || total
---------------------------+-------+-------++-------
  Melee: Hand axe          |   117 |   162 ||   279
         Bite              |     9 |     7 ||    16
         Punch             |     1 |       ||     1
  Throw: Javelin           |       |     4 ||     4
   Cast: Kiss of Death     |       |     3 ||     3
    Use: Scroll            |     3 |     5 ||     8
   Stab: Sleeping          |     1 |       ||     1
 Armour: Leather armour    |    22 |    30 ||    52
  Dodge: Dodged            |    88 |    62 ||   150
  Block: Buckler           |     6 |    23 ||    29
